 Dungeon Crawl Stone Soup version 0.27-a0-773-gaaee5cf45b (webtiles) character file.

Game seed: 4173419094520717985

119531 porpoise the Frost Mage (level 16, 0/92 HPs)
             Began as a Deep Elf Conjurer on Mar 25, 2021.
             Was a High Priest of Vehumet.
             Slain by a fenstrider witch (11 damage)
             ... on level 3 of the Swamp.
             The game lasted 04:29:42 (43820 turns).

porpoise the Frost Mage (Deep Elf Conjurer)        Turns: 43820, Time: 04:30:01

Health: 0/92       AC: 13    Str:  7    XL:     16   Next: 28%
Magic:  14/34      EV: 17    Int: 34    God:    Vehumet [*****.]
Gold:   809        SH:  7    Dex: 13    Spells: 5/39 levels left

rFire    . . .     SeeInvis .   a - staff of cold
rCold    + . .     Faith    .   V - +2 buckler
rNeg     + . .     Spirit   .   y - +1 steam dragon scales
rPois    .         Reflect  .   w - +0 helmet
rElec    +         Harm     .   E - +2 cloak
rCorr    .         Rampage  .   h - +0 pair of gloves
Will     ++...                  C - +1 pair of boots
Stlth    ++........             g - amulet of the acrobat
HPRegen  0.25/turn              e - ring of positive energy
MPRegen  0.24/turn              d - ring "Vargheh" {+Inv rElec Will+ Int+6 Slay+2}

@: lethally poisoned (0 -> -4), very slow
A: no striking features
a: Renounce Religion, Evoke Invisibility


You were on level 3 of the Swamp.
You worshipped Vehumet.
Vehumet was extremely pleased with you.
You visited 5 branches of the dungeon, and saw 27 of its levels.
You also visited: Gauntlet and Ice Cave.

You collected 2557 gold pieces.
You spent 1748 gold pieces at shops.

Inventory:

Hand Weapons
 b - a +4 hunting sling of freezing
Missiles
 j - 7 boomerangs of dispersal
 m - 236 sling bullets
 H - 7 curare-tipped darts (quivered)
 P - a throwing net
Armour
 h - a +0 pair of gloves (worn)
 w - a +0 helmet (worn)
 y - +1 steam dragon scales (worn)
 C - a +1 pair of boots (worn)
 E - a +2 cloak (worn)
 V - a +2 buckler (worn)
Magical Staves
 a - a staff of cold (weapon)
Jewellery
 d - the ring "Vargheh" (left hand) {+Inv rElec Will+ Int+6 Slay+2}
   (You acquired it on level 1 of the Lair of Beasts)

   [ring of intelligence]

   It affects your intelligence (+6).
   It affects your accuracy and damage with ranged weapons and melee attacks
   (+2).
   It insulates you from electricity.
   It affects your willpower, your defense against some magical effects.
   It lets you turn invisible.
 e - a ring of positive energy (right hand)
 g - an amulet of the acrobat (around neck)
 u - a +6 ring of strength
 x - a ring of protection from cold
 z - a ring of protection from cold
 G - a ring of resist corrosion
 M - a ring of fire
 S - a ring of protection from fire
Wands
 c - a wand of charming (9)
 n - a wand of polymorph (3)
 q - a wand of paralysis (14)
 D - a wand of mindburst (27)
 K - a wand of flame (14)
 Q - a wand of acid (10)
 R - a wand of digging (7)
Scrolls
 o - 2 scrolls of identify
 p - a scroll of fog
 s - 3 scrolls of teleportation
 t - a scroll of magic mapping
 v - 6 scrolls of fear
 B - 2 scrolls of blinking
 J - a scroll of vulnerability
 N - 2 scrolls of silence
Potions
 f - 5 potions of haste
 i - 6 potions of curing
 k - 3 potions of magic
 l - 7 potions of heal wounds
 r - 11 potions of ambrosia
 A - a potion of attraction
 F - 3 potions of might
 I - 3 potions of resistance
 L - 5 potions of lignification
 U - a potion of mutation
Miscellaneous
 O - a tin of tremorstones (2/2)
 T - a phial of floods


   Skills:
 - Level 7.0 Fighting
 - Level 4.0 Staves
 - Level 12.0 Dodging
 - Level 5.0 Stealth
 - Level 4.0 Shields
 - Level 12.0 Spellcasting
 - Level 12.0 Conjurations
 - Level 9.0 Hexes
 - Level 9.0 Translocations
 - Level 9.0 Fire Magic
 + Level 12.9 Ice Magic
 - Level 9.0 Air Magic
 * Level 8.5 Earth Magic
 - Level 7.5 Evocations


You had 5 spell levels left.
You knew the following spells:

 Your Spells              Type           Power      Damage    Failure   Level
b - Searing Ray           Conj           100%       3d7       0%          2
c - Fulminant Prism       Conj/Hex       37%        3d18      1%          4
d - Iskenderun's Mystic   Conj/Tloc      75%        2d15      1%          4
f - Fireball              Conj/Fire      37%        3d15      1%          5
i - Iron Shot             Conj/Erth      37%        9d7       1%          6
k - Blink                 Tloc           N/A        N/A       1%          2
o - Ozocubu's Refrigerat  Ice            52%        4d15      2%          7
r - Airstrike             Air            34%        N/A       1%          4

Your spell library contained the following spells:

 Spells                   Type           Power      Damage    Failure   Level
 Yara's Violent Unravell  Hex/Tmut       25%        3d11      2%          5
 Magic Dart               Conj           100%       1d8       0%          1
 Apportation              Tloc           100%       N/A       1%          1
 Foxfire                  Conj/Fire      100%       2x1d9     1%          1
 Shock                    Conj/Air       100%       1d9       1%          1
 Slow                     Hex            69%        N/A       1%          2
 Swiftness                Air            69%        N/A       1%          2
 Conjure Flame            Conj/Fire      75%        6-21      1%          3
 Dazzling Flash           Conj/Hex       100%       N/A       1%          3
 Inner Flame              Hex/Fire       69%        N/A       1%          3
 Lesser Beckoning         Tloc           34%        N/A       1%          3
 Mephitic Cloud           Conj/Pois/Air  61%        N/A       1%          3
 Static Discharge         Conj/Air       75%        N/A       1%          3
 Tukima's Dance           Hex            69%        N/A       1%          3
 Ice Form                 Ice/Tmut       77%        N/A       1%          4
 Sticky Flame             Conj/Fire      75%        2d9       1%          4
 Lightning Bolt           Conj/Air       37%        1d56      1%          5
 Beastly Appendage        Tmut           40%        N/A       2%          1
 Call Imp                 Summ           20%        N/A       3%          2
 Wereblood                Tmut           20%        N/A       3%          2
 Spider Form              Tmut/Pois      10%        N/A       6%          3
 Alistair's Intoxication  Tmut/Pois      13%        N/A       52%         5
 Blade Hands              Tmut           10%        N/A       52%         5
 Invisibility             Hex            69%        N/A       9%          6


Dungeon Overview and Level Annotations

Branches:
Dungeon (15/15)            Temple (1/1) D:5            Lair (6/6) D:8
  Swamp (3/4) Lair:4        Snake (0/4) Lair:4        Slime (0/5) Lair:6
    Orc (2/2) D:12            Elf (0/3) Orc:2        Depths (0/5) D:15
  IceCv (visited)         Gauntlet (visited)
 Vaults: D:13-14

Altars:
Ashenzari
Cheibriados
Dithmenos
Elyvilon
Fedhas
Gozag
Hepliaklqana
Kikubaaqudgha
Makhleb
Nemelex Xobeh
Okawaru
Qazlal
Ru
Sif Muna
Trog
Uskayaw
Vehumet
Wu Jian
Xom
Yredelemnul
Zin
The Shining One
Lugonu

Shops:
D:2 :*   D:11 [   Orc:2 **[!

Portals:
Abyss: Orc:2


Message History

A fenstrider witch comes into view.
Press: ? - help, v - describe, . - travel
Here: a fenstrider witch, wearing a +0 robe (wandering, hasn't noticed you)
The floor.
Casting: Fireball (mildly dangerous; 1% risk of failure)
Confirm with . or Enter, or press ? or * to list all spells.
You can't see any susceptible monsters within range! (Use Z to cast anyway.) Unknown command.
Unknown command.
Found 22 gold pieces.
You enter the shallow water.
Moving in this stuff is going to be slow.
The fenstrider witch shouts!
The fenstrider witch casts a spell at you.
The toxic sludge hits you!
You are poisoned.
Splash!
You fall into the toxic bog.
Moving in this stuff is going to be slow.
Casting: Fireball (mildly dangerous; 1% risk of failure)
Confirm with . or Enter, or press ? or * to list all spells.
Aiming: Iron Shot (dangerous; 1% risk of failure)
Press: ? - help, Shift-Dir - straight line, f - fenstrider witch
Aim: a fenstrider witch, wearing a +0 robe (43% to evade)
The iron shot hits the fenstrider witch!!!
The fenstrider witch is severely wounded.
You fester in the toxic bog!!
You are more poisoned.
* * * LOW HITPOINT WARNING * * *
You feel extremely sick.
You block the fenstrider witch's attack.
The fenstrider witch kicks you.
* * * LOW HITPOINT WARNING * * *
You feel much better.
You fester in the toxic bog!
You are more poisoned.
* * * LOW HITPOINT WARNING * * *
You feel extremely sick.
The fenstrider witch completely misses you.
The fenstrider witch kicks you!
You die...

§≈.♣ ≈≈.♣♣ ≈≈§≈≈§ ♣♣♣
♣♣♣≈≈≈.♣≈ ≈≈≈.≈ ♣♣§$♣♣
...♣.≈≈.≈ ...≈♣..≈≈.♣
≈<≈§.≈≈≈♣♣♣♣♣^.≈♣..§≈§♣
♣♣♣♣.≈≈≈...≈♣≈≈≈...≈≈≈♣
♣♣≈♣.≈≈≈....♣≈[≈≈.≈.≈♣
♣.≈.≈≈≈≈≈..§♣♣♣H..≈.≈♣♣
..≈≈≈§≈≈≈>≈♣♣♣..@..§≈≈♣
...≈≈≈≈≈≈≈.≈...≈..†≈≈§♣
≈....≈≈≈≈≈≈≈≈.≈≈......♣
.≈≈≈≈≈≈≈≈≈.≈≈.≈..≈..≈≈♣
.≈≈≈≈≈≈≈≈≈≈≈≈≈≈≈≈..≈≈≈♣
≈.≈≈≈≈≈..≈≈≈≈§≈≈≈.♣♣♣♣♣
♣≈.≈≈≈≈≈≈≈≈≈≈≈≈≈.♣♣
♣..≈≈≈≈≈≈≈≈≈≈≈≈..♣
♣≈≈.§......≈≈...♣♣


You could see a fenstrider witch.

Vanquished Creatures
  A frost giant (IceCv)
  Nessos (D:12)
  Azrael (D:14)
  5 bunyips
  3 eleionomae
  Snorg (D:11)
  Josephine (D:12)
  2 boulder beetles
  5 hydras
  2 ice dragons (D:15)
  An ogre mage (D:13)
  6 catoblepae
  A ghost crab (Swamp:1)
  2 alligators (Swamp:1)
  2 centaur warriors
  A tengu warrior (D:14)
  Urug (D:11)
  9 two-headed ogres
  7 orc high priests (Orc:2)
  10 death yaks
  5 skeletal warriors
  2 goliath frogs (Swamp:2)
  2 spriggan druids
  A lindwurm (Lair:6)
  A swamp dragon (Swamp:3)
  7 orc knights
  A deep elf pyromancer (D:11)
  4 oklob plants
  A will-o-the-wisp (Swamp:2)
  An orc sorcerer (Orc:1)
  14 ugly things
  5 manticores
  Joseph (D:8)
  4 cyclopes
  6 elephants (Lair:2)
  3 black mambas
  A torpor snail (Lair:4)
  An ice statue (IceCv)
  13 cane toads
  An unseen horror (D:12)
  11 komodo dragons
  An efreet (D:14)
  Maggie (D:8)
  2 rime drakes
  A tengu conjurer (D:10)
  A yaktaur (D:15)
  A queen bee (D:10)
  8 trolls
  5 tyrant leeches
  16 polar bears
  7 slime creatures
  3 blink frogs (Lair:2)
  Prince Ribbit (D:5)
  3 hornets
  6 dream sheep (Lair:5)
  A centaur simulacrum (D:14)
  5 wraiths
  2 spriggans
  3 water elementals
  6 wyverns
  66 yaks
  7 basilisks
  A golden eye (shapeshifter) (D:14)
  Grum (D:11)
  13 vampire mosquitoes
  7 fire elementals (D:14)
  2 steam dragons
  17 swamp worms
  4 wargs
  3 nagas (Lair:4)
  A hell hound (D:14)
  11 water moccasins
  46 orc warriors
  2 ice beasts
  2 black bears
  34 wolves
  14 ogres
  3 centaurs
  2 phantoms
  5 kobold brigands
  11 bullfrogs
  A gnoll sergeant (D:10)
  A wyvern zombie (D:5)
  33 killer bees
  5 wights (D:8)
  2 electric eels (D:12)
  2 howler monkeys
  2 vampire bats (Lair:3)
  The ghost of CurlyBrace the Charlatan, a weakling FeAr of Cheibriados (D:5)
  Crazy Yiuf (D:6)
  2 jellies
  A centaur skeleton (D:6)
  32 orc priests
  A bullfrog skeleton (D:5)
  4 iguanas (D:5)
  21 orc wizards
  A removed worker ant (D:7)
  2 hound zombies (D:5)
  A howler monkey zombie (D:8)
  11 gnolls
  9 adders
  2 shadow imps
  12 white imps (D:15)
  An ufetubus (D:6)
  An adder skeleton (D:4)
  2 worms (D:2)
  A dart slug (D:5)
  90 orcs
  3 endoplasms
  6 giant cockroaches
  9 goblins
  7 hobgoblins
  4 jackals (D:2)
  8 ball pythons
  10 bats
  4 frilled lizards
  24 kobolds
  2 rats
  A lurking horror (Orc:2)
792 creatures vanquished.

Vanquished Creatures (others)
  A vault guard (D:14)
  5 ugly things (D:14)
  A polar bear (IceCv)
  A water elemental (D:14)
  2 yaks (IceCv)
  2 humans (D:14)
  A wolf (IceCv)
  A demonic plant (Gauntlet)
  2 foxfires (Swamp:2)
  135 fulminant prisms
  49 fungi
  86 plants
286 creatures vanquished.

Grand Total: 1078 creatures vanquished

Notes
Turn   | Place    | Note
-------+----------+-------------------------------------------
     0 | D:1      | porpoise the Deep Elf Conjurer began the quest for the Orb.
     0 | D:1      | Reached XP level 1. HP: 10/10 MP: 6/6
   200 | D:1      | Reached XP level 2. HP: 3/15 MP: 3/8
   463 | D:1      | Learned a level 2 spell: Searing Ray
   944 | D:1      | Reached XP level 3. HP: 19/19 MP: 6/10
  1114 | D:2      | Reached skill level 5 in Conjurations
  1450 | D:2      | Found Imoxtaih's Assorted Antiques.
  1489 | D:2      | Bought a fuming white potion for 21 gold pieces
  1489 | D:2      | Bought a fizzy yellow potion for 21 gold pieces
  1581 | D:2      | Found Dyati's Book Boutique.
  1636 | D:2      | Reached XP level 4. HP: 24/24 MP: 10/12
  2314 | D:2      | Learned a level 4 spell: Fulminant Prism
  2319 | D:2      | Learned a level 4 spell: Iskenderun's Mystic Blast
  2520 | D:3      | Reached skill level 5 in Spellcasting
  2778 | D:3      | You fall into a shaft and drop 2 floors!
  2778 | D:5      | Entered Level 5 of the Dungeon
  2786 | D:5      | Reached skill level 1 in Fighting
  2786 | D:5      | Reached XP level 5. HP: 11/29 MP: 5/14
  3140 | D:5      | Noticed an ogre
  3146 | D:5      | Killed an ogre
  3188 | D:5      | Noticed a phantom
  3194 | D:5      | Reached XP level 6. HP: 35/35 MP: 9/15
  3331 | D:5      | Found a hazy altar of Hepliaklqana.
  3333 | D:5      | Found a broken altar of Ashenzari.
  3554 | D:5      | Found a staircase to the Ecumenical Temple.
  3633 | D:5      | Reached skill level 1 in Hexes
  3633 | D:5      | Reached skill level 1 in Translocations
  3633 | D:5      | Reached XP level 7. HP: 20/41 MP: 9/16
  3811 | Temple   | Entered the Ecumenical Temple
  3930 | Temple   | Became a worshipper of Vehumet
  4937 | D:4      | Reached * piety under Vehumet
  4937 | D:4      | Offered knowledge of Freeze by Vehumet.
  5287 | D:4      | Learned a level 4 spell: Sticky Flame
  5291 | D:4      | Noticed a wyvern
  5298 | D:4      | Killed a wyvern
  5299 | D:4      | Reached XP level 8. HP: 36/48 MP: 9/17
  5812 | D:5      | Noticed Prince Ribbit
  5818 | D:5      | Killed Prince Ribbit
  5819 | D:5      | Reached skill level 5 in Hexes
  5855 | D:5      | Found a transporter.
  5857 | D:5      | Found a sacrificial altar of Ru.
  5878 | D:5      | Noticed CurlyBrace's ghost (weakling FeAr)
  5879 | D:5      | Found a transporter.
  6537 | D:6      | Reached skill level 5 in Fighting
  6541 | D:6      | Reached skill level 5 in Translocations
  6861 | D:6      | Found a runed translucent door.
  6862 | D:6      | Noticed Crazy Yiuf
  6870 | D:6      | Killed Crazy Yiuf
  7017 | D:6      | Reached skill level 1 in Fire Magic
  7235 | D:6      | Found a glowing silver altar of Zin.
  7236 | D:6      | Found a snail-covered altar of Cheibriados.
  7236 | D:6      | Found a glowing golden altar of the Shining One.
  7347 | D:7      | Offered knowledge of Sandblast by Vehumet.
  7347 | D:7      | Reached ** piety under Vehumet
  7348 | D:7      | Reached XP level 9. HP: 54/54 MP: 6/18
  8464 | D:8      | Noticed a two-headed ogre
  8478 | D:8      | Killed a two-headed ogre
  8479 | D:8      | Reached skill level 5 in Dodging
  8479 | D:8      | Reached skill level 5 in Fire Magic
  8643 | D:8      | Reached skill level 1 in Evocations
  8716 | D:8      | Noticed Joseph
  8729 | D:8      | Killed Joseph
  8877 | D:8      | Noticed Maggie
  8882 | D:8      | Killed Maggie
  8883 | D:8      | Reached XP level 10. HP: 59/59 MP: 12/22
  9223 | D:8      | Learned a level 5 spell: Fireball
  9419 | D:8      | Offered knowledge of Ignite Poison by Vehumet.
  9801 | D:8      | Found a staircase to the Lair.
 10208 | Lair:1   | Entered Level 1 of the Lair of Beasts
 10247 | Lair:1   | Reached skill level 5 in Evocations
 10279 | Lair:1   | Noticed a cane toad
 10282 | Lair:1   | Killed a cane toad
 10296 | Lair:1   | Noticed a cane toad
 10302 | Lair:1   | Killed a cane toad
 10577 | Lair:1   | Noticed an oklob plant
 10720 | Lair:1   | Noticed a cane toad
 10728 | Lair:1   | Killed a cane toad
 11078 | Lair:1   | Reached *** piety under Vehumet
 11311 | Lair:1   | Noticed a cane toad
 11316 | Lair:1   | Killed a cane toad
 11317 | Lair:1   | Reached XP level 11. HP: 63/63 MP: 17/23
 11356 | Lair:1   | Learned a level 4 spell: Airstrike
 11836 | D:9      | Offered knowledge of Olgreb's Toxic Radiance by Vehumet.
 12736 | D:10     | Entered Level 10 of the Dungeon
 13473 | D:10     | Reached **** piety under Vehumet
 13664 | D:10     | Reached skill level 1 in Air Magic
 13692 | D:10     | Offered knowledge of Bolt of Magma by Vehumet.
 14424 | D:11     | Found Axynaapt's Antique Armour Shoppe.
 14459 | D:11     | Noticed Urug
 14629 | D:11     | Noticed a two-headed ogre
 14641 | D:11     | Killed a two-headed ogre
 14892 | D:11     | Noticed Grum
 14917 | D:11     | Killed Grum
 15073 | D:11     | Noticed Snorg
 15085 | D:11     | Killed Snorg
 15378 | D:11     | Killed Urug
 15379 | D:11     | Reached skill level 10 in Conjurations
 15379 | D:11     | Reached XP level 12. HP: 71/72 MP: 17/27
 15706 | D:12     | Noticed a two-headed ogre
 15713 | D:11     | Killed a two-headed ogre
 15867 | D:12     | Reached skill level 5 in Air Magic
 16463 | D:12     | Found a staircase to the Orcish Mines.
 16840 | D:12     | Reached ***** piety under Vehumet
 16934 | D:12     | Offered knowledge of Ozocubu's Refrigeration by Vehumet.
 17839 | D:12     | Noticed Josephine
 17854 | D:12     | Killed Josephine
 18319 | D:12     | Noticed Nessos
 18340 | D:12     | Killed Nessos
 18748 | D:12     | Reached skill level 10 in Spellcasting
 18794 | D:12     | Learned a level 7 spell: Ozocubu's Refrigeration
 19132 | Lair:2   | Reached skill level 1 in Ice Magic
 19284 | Lair:2   | You fall into a shaft and drop 2 floors!
 19293 | Lair:4   | Found a staircase to the Swamp.
 19486 | Lair:3   | Reached XP level 13. HP: 75/76 MP: 24/29
 19849 | Lair:2   | Identified the +10 quarterstaff of Articulation {vorpal,
                  | rF+}
 20681 | Lair:2   | Reached skill level 5 in Ice Magic
 22703 | Lair:4   | Found a staircase to the Snake Pit.
 22855 | Lair:4   | Found a basalt altar of Yredelemnul.
 23501 | Lair:3   | Learned a level 2 spell: Blink
 23515 | Lair:3   | Reached skill level 10 in Ice Magic
 25630 | Lair:1   | Identified a scroll of acquirement
 25630 | Lair:1   | Acquired the ring "Vargheh" {+Inv rElec Will+ Int+6 Slay+2}
 25755 | Orc:1    | Entered Level 1 of the Orcish Mines
 26382 | Orc:2    | Entered Level 2 of the Orcish Mines
 26384 | Orc:2    | Reached XP level 14. HP: 82/82 MP: 26/30
 26747 | Orc:1    | Offered knowledge of Starburst by Vehumet.
 27588 | Orc:2    | Found a staircase to the Elven Halls.
 28181 | Orc:2    | Found a corrupted altar of Lugonu.
 28181 | Orc:2    | Found a one-way gate to the infinite horrors of the Abyss.
 29337 | Orc:2    | Found Millesaz's Assorted Antiques.
 29339 | Orc:2    | Found Kual Huu's Antique Armour Boutique.
 29343 | Orc:2    | Found Xygecw's Distillery.
 29344 | Orc:2    | Found Molua's General Store.
 29709 | Orc:2    | Bought a scroll of acquirement for 572 gold pieces
 29710 | Orc:2    | Acquired the +9 staff of Wucad Mu {*channel}
 29711 | Orc:2    | Found the +9 staff of Wucad Mu {*channel}
 29714 | Orc:2    | Bought a potion of degeneration for 11 gold pieces
 29714 | Orc:2    | Bought a scroll of identify for 22 gold pieces
 29717 | Orc:2    | Bought a potion of heal wounds for 65 gold pieces
 29721 | Orc:2    | Bought a glowing cloak for 202 gold pieces
 29721 | Orc:2    | Bought a buckler for 121 gold pieces
 29729 | Orc:2    | Bought a glowing robe for 103 gold pieces
 29729 | Orc:2    | Bought a runed bronze wand for 112 gold pieces
 29729 | Orc:2    | Bought a scroll of magic mapping for 98 gold pieces
 29729 | Orc:2    | Bought a runed iron wand for 112 gold pieces
 30103 | D:13     | Reached skill level 1 in Shields
 30768 | D:13     | Offered knowledge of Iskenderun's Battlesphere by Vehumet.
 31156 | D:14     | Found a gate leading to a gauntlet.
 31162 | Gauntlet | Entered a Gauntlet
 31162 | Gauntlet | Found a transporter.
 31162 | Gauntlet | Found a transporter.
 31166 | Gauntlet | Found a transporter.
 31166 | Gauntlet | Found a transporter.
 31179 | Gauntlet | Found a transporter.
 31193 | Gauntlet | Found a transporter.
 31195 | Gauntlet | Found a large runed translucent door.
 31195 | Gauntlet | Found a large runed translucent door.
 31196 | Gauntlet | Found a large runed translucent door.
 31196 | Gauntlet | Found a large runed translucent door.
 31197 | Gauntlet | Found a large runed translucent door.
 31197 | Gauntlet | Found a large runed translucent door.
 31197 | Gauntlet | Found a runed translucent door.
 31197 | Gauntlet | Found a runed translucent door.
 31197 | Gauntlet | Found a large runed translucent door.
 31198 | Gauntlet | Found a large runed translucent door.
 31198 | Gauntlet | Found a large runed translucent door.
 31198 | Gauntlet | Found a large runed translucent door.
 31203 | Gauntlet | Found a large runed translucent door.
 31203 | Gauntlet | Found a large runed translucent door.
 31204 | Gauntlet | Found a large runed translucent door.
 31204 | Gauntlet | Found a large runed translucent door.
 31204 | Gauntlet | Found a large runed translucent door.
 31204 | Gauntlet | Found a large runed translucent door.
 31207 | Gauntlet | Found a runed translucent gate.
 31207 | Gauntlet | Found a runed translucent gate.
 31207 | Gauntlet | Found a runed translucent gate.
 31209 | Gauntlet | Found a transporter.
 31222 | Gauntlet | Found a transporter.
 31227 | Gauntlet | Noticed a reaper
 31277 | Gauntlet | Found a transporter.
 31363 | Gauntlet | Found a transporter.
 31373 | Gauntlet | Found a transporter.
 31377 | Gauntlet | Found a transporter.
 31398 | Gauntlet | Found a transporter.
 31426 | Gauntlet | Found a transporter.
 31464 | Gauntlet | Found a transporter.
 31479 | Gauntlet | Found a transporter.
 31685 | D:14     | Reached skill level 10 in Dodging
 32170 | D:14     | Noticed Azrael
 32174 | D:14     | Killed Azrael
 32526 | D:14     | Reached XP level 15. HP: 79/86 MP: 19/31
 32694 | D:14     | You fall into a shaft and drop 1 floor!
 32694 | D:15     | Entered Level 15 of the Dungeon
 32716 | D:15     | Found a frozen archway.
 32796 | IceCv    | Entered an ice cave
 33283 | IceCv    | Reached skill level 1 in Staves
 33801 | IceCv    | Reached ****** piety under Vehumet
 34025 | IceCv    | Noticed a frost giant
 34803 | IceCv    | Killed a frost giant
 35281 | D:15     | Upgraded the game from 0.27-a0-765-ge4d627daa3 to
                  | 0.27-a0-773-gaaee5cf45b
 35596 | D:15     | Found a staircase to the Depths.
 36131 | D:5      | Killed CurlyBrace's ghost
 36131 | D:5      | Offered knowledge of Iron Shot by Vehumet.
 36344 | Lair:1   | Learned a level 6 spell: Iron Shot
 36441 | Lair:6   | Entered Level 6 of the Lair of Beasts
 36750 | Lair:6   | Reached skill level 1 in Earth Magic
 36998 | Lair:6   | Found a staircase to the Slime Pits.
 38024 | Lair:6   | Reached skill level 5 in Stealth
 38273 | Lair:6   | Identified the ring "Sysuer" {+Fly Slay+3}
 39265 | D:2      | Bought a weird smoking staff for 288 gold pieces
 39545 | Swamp:1  | Entered Level 1 of the Swamp
 39872 | Swamp:1  | Reached skill level 5 in Earth Magic
 41077 | Swamp:2  | Reached XP level 16. HP: 77/92 MP: 22/34
 41494 | Swamp:2  | Offered knowledge of Yara's Violent Unravelling by Vehumet.
 43820 | Swamp:3  | Slain by a fenstrider witch

Illustrated notes

Levels and vault maps discovered:
D:1:      wander_arrival_desolate, layout_basic
D:2:      layout_basic, serial_shops, shop,
          nicolae_shop_temple_entry_statues_fountains
D:3:      layout_basic, minmay_misc_feat_more_columns,
          chequers_serial_rivers_small_b
D:4:      layout_gridville, hangedman_abyss_or_decor_stabs
D:5:      layout_loops_cross, nicolae_ru_the_path_less_chosen,
          nicolae_overflow_hidden_temple, minmay_temple_entry_glass,
          gammafunk_ghost_smash, uniq_prince_ribbit1
D:6:      layout_cave_pools, minitemple, small_statue_intersection,
          uniq_crazy_yiuf_cottage
D:7:      layout_rooms
D:8:      layout_loops_cross, david_lair_shrubbed, minmay_misc_feat_plants,
          dk_vineyard_1, st_stairs_6, uniq_joseph, uniq_maggie
D:9:      layout_irregular_city
D:10:     layout_roguey [special_room_bee]
D:11:     layout_small_grid, serial_shops, shop, uniq_urug, uniq_grum,
          uniq_snorg
D:12:     layout_grid_maze, erik_orc_2, serial_glass, glass_columns_c,
          glass_columns_c, uniq_josephine, uniq_nessos
D:13:     layout_roguey [special_room_orc]
D:14:     layout_long_grid, ximxim_vaults_locker_room, gauntlet_entry_generic,
          serial_bayou_ford_a, minmay_crystal_room, st_stairs_10,
          dk_noncrumbling_2, uniq_azrael
D:15:     grunt_enter_depths_hoard, layout_rooms, portal_ice_cave_entry_imps
Temple:   lightli_temple_of_artemis
Lair:1:   layout_chaotic_city, minmay_lair_oklob_chamber, grunt_megastairs_4
Lair:2:   layout_cave_pods, grunt_megastairs_2
Lair:3:   layout_layer_cave, st_stairs_11, roderic_batcave, grunt_megastairs_5
Lair:4:   layout_concentric_octagons, minmay_swamp_entry_worms,
          guppyfry_snake_entry_garden, basic_altar
Lair:5:   layout_small_grid
Lair:6:   evilmike_catoblepas_cave, layout_gridlike,
          minmay_slime_entry_oklob_open, minivault_23
Swamp:1:  layout_basic_swamp, nicolae_swamp_tree_designs,
          infiniplex_staircase_pool_2
Swamp:2:  layout_falls_marsh, evilmike_swamp_ruin_house_3, swamp_pool2,
          nicolae_swamp_oklob_treasure_island
Swamp:3:  layout_basic_swamp, evilmike_swamp_ruin_rubble_2
Orc:1:    layout_caves
Orc:2:    st_orc_pillars, layout_caves, abandoned_shop,
          amcnicky_altar_lugonu_corruption

Skill      XL: |  1  2  3  4  5  6  7  8  9 10 11 12 13 14 15 16 |
---------------+-------------------------------------------------+-----
Spellcasting   | 4 5 6 7 9 10 12 | 12.0
Conjurations   | 5 6 7 9 10 12 | 12.0
Fighting       | 1 2 3 4 5 7 |  7.0
Hexes          | 1 4 7 8 9 |  9.0
Translocations | 1 3 5 7 8 9 |  9.0
Fire Magic     | 2 5 8 9 |  9.0
Dodging        | 3 5 10 12 | 12.0
Evocations     | 3 5 7 |  7.5
Air Magic      | 4 7 8 9 |  9.0
Ice Magic      | 1 11 12 | 12.9
Shields        | 4 |  4.0
Staves         | 4 |  4.0
Earth Magic    | 6 8 |  8.5
Stealth        | 5 |  5.0

Action                   |  1- 3 |  4- 6 |  7- 9 | 10-12 | 13-15 | 16-18 || total
-------------------------+-------+-------+-------+-------+-------+-------++-------
Melee: Unarmed           |     1 |       |       |       |       |       ||     1
       Dagger            |     2 |     1 |     9 |     7 |       |       ||    19
       Quarterstaff      |       |       |       |       |    22 |       ||    22
       Staff             |       |       |       |       |    27 |     6 ||    33
 Fire: Hunting sling     |       |       |    37 |    73 |   153 |       ||   263
Throw: Dart              |       |       |       |       |     8 |     1 ||     9
 Cast: Magic Dart        |    45 |    14 |     7 |     4 |     2 |       ||    72
       Searing Ray       |    11 |    31 |    72 |    81 |   199 |     7 ||   401
       Iskenderun's Myst |       |       |     3 |    36 |    88 |     4 ||   131
       Sticky Flame      |       |       |     2 |    24 |    53 |       ||    79
       Fulminant Prism   |       |       |       |    39 |    90 |     6 ||   135
       Fireball          |       |       |       |    17 |    54 |    13 ||    84
       Airstrike         |       |       |       |    40 |    55 |     4 ||    99
       Ozocubu's Refrige |       |       |       |       |    25 |    14 ||    39
       Blink             |       |       |       |       |     3 |       ||     3
       Iron Shot         |       |       |       |       |    18 |     6 ||    24
 Abil: Evoke Invisibilit |       |       |       |       |     3 |     2 ||     5
Evoke: Wand              |       |       |       |     7 |    26 |    18 ||    51
  Use: Scroll            |       |     2 |    11 |     5 |    21 |     3 ||    42
       Potion            |       |       |     2 |     1 |     3 |     1 ||     7
 Stab: Sleeping          |       |     1 |       |     1 |       |       ||     2
       Paralysed         |       |       |       |       |     3 |       ||     3
Armor: Robe              |     1 |       |     2 |       |       |       ||     3
       Steam dragon scal |       |       |     4 |    37 |    78 |     4 ||   123
       Skin              |       |       |     4 |       |       |       ||     4
Dodge: Dodged            |     2 |    13 |    63 |   179 |   271 |    13 ||   541
Block: Buckler           |       |       |       |       |    58 |     6 ||    64

Table legend: (Time is in decaauts)
 A = Elapsed time spent in this place.
 B = Non-inter-level travel time spent in this place.
 C = Inter-level travel time spent in this place.
 D = Time resting spent in this place.
 E = Time spent auto-exploring this place.
 F = Levels seen in this place.
 G = Mean time per level.
                   A        B        C        D        E       F      G
               +--------+--------+--------+--------+--------+-----+--------+
         Total |  44134 |  41893 |   2241 |  20007 |  13817 |  29 | 1521.9 |
       Dungeon |  21882 |  20340 |   1542 |   9319 |   7563 |  15 | 1458.8 |
        Temple |    127 |    119 |      8 |      0 |    105 |   1 |  127.0 |
          Lair |  11238 |  10765 |    473 |   4568 |   4332 |   6 | 1873.0 |
         Swamp |   4263 |   4170 |     93 |   2546 |   1016 |   3 | 1421.0 |
  Orcish Mines |   3941 |   3818 |    123 |   2148 |    712 |   2 | 1970.5 |
      Ice Cave |   2262 |   2262 |      0 |   1425 |     84 |   1 | 2262.0 |
      Gauntlet |    418 |    418 |      0 |      0 |      4 |   1 |  418.0 |
               +--------+--------+--------+--------+--------+-----+--------+

Top non-repeatable levels by time:
    D:11: 2842 daAuts
   Orc:2: 2670 daAuts
 Swamp:2: 2397 daAuts
     D:8: 2268 daAuts
   IceCv: 2262 daAuts
  Lair:6: 2130 daAuts
  Lair:2: 2071 daAuts
    D:12: 2028 daAuts
  Lair:1: 1951 daAuts
     D:5: 1914 daAuts
  Lair:5: 1751 daAuts
  Lair:4: 1723 daAuts
    D:10: 1673 daAuts
  Lair:3: 1609 daAuts
 Swamp:1: 1397 daAuts
